 Dungeon Crawl Stone Soup version 0.30.0-20-g3615ddf2f0 (webtiles) character file.

Game seed: 3552197318371396279

176 qw the Chopper (level 5, -12/32 HPs)
             Began as a Gargoyle Fighter on May 29, 2023.
             Killed by divine providence
             ... invoked by an orc priest
              (16 damage)
             ... on level 4 of the Dungeon.
             The game lasted 00:01:07 (2432 turns).

qw the Chopper (Gargoyle Fighter)                   Turns: 2432, Time: 00:01:08

Health: -12/32     AC: 18    Str: 21    XL:     5   Next: 56%
Magic:  5/5        EV:  5    Int:  9    God:
Gold:   221        SH:  4    Dex:  9    Spells: 4/4 levels left

rFire   . . .        Y - +0 war axe (flame)
rCold   . . .        c - +0 buckler
rNeg    + . .        k - +0 plate armour
rPois   inf          t - +0 helmet
rElec   +            m - scarf {repulsion}
rCorr   .            o - +0 pair of gloves
SInv    .            f - +0 pair of boots
Will    .....        (no amulet) Stlth
                     (no ring)
HPRegen 0.25/turn    (no ring)
MPRegen 0.09/turn

%: repel missiles
@: about to teleport
A: sickness immunity, AC +4, negative energy resistance 1, electricity
resistance, torment resistance 1, petrification resistance
a: no special abilities


You were on level 4 of the Dungeon.
You visited 1 branch of the dungeon, and saw 4 of its levels.

You collected 221 gold pieces.


Innate Abilities, Weirdness & Mutations

You are immune to sickness and miasma.
Your stone body is resilient. (AC +4)
You are immune to poison.
You resist negative energy. (rN+)
You are resistant to electric shocks. (rElec)
You are resistant to unholy torment.
You are immune to petrification.


   Skills:
 + Level 3.4 Fighting
 - Level 5.0 Axes
 - Level 3.2 Armour
 - Level 3.2 Shields


You had 4 spell levels left.
You didn't know any spells.
Your spell library was empty.

Inventory:

Hand Weapons
 Y - a +0 war axe of flaming (weapon)
Armour
 c - a +0 buckler (worn)
 f - a +0 pair of boots (worn)
 k - a +0 plate armour (worn)
 m - a scarf of repulsion (worn)
 o - a +0 pair of gloves (worn)
 t - a +0 helmet (worn)
Scrolls
 l - a scroll of identify
Potions
 b - a potion of haste
 d - 2 potions of might
 e - a potion of curing {unknown}
 g - a potion of invisibility {unknown}
 h - a potion of ambrosia {unknown}
 i - 2 potions of attraction
 n - a potion of mutation {unknown}
 q - a potion of cancellation {unknown}

Dungeon Overview and Level Annotations

Branches:
Dungeon (4/15)
 Temple: D:4-7

Altars:
Elyvilon
Kikubaaqudgha
Nemelex Xobeh
Uskayaw
The Shining One


Message History

Enter note:
There is an open door here.
Found a spear.
Enter note:
Found a stone staircase leading down.
Enter note:
There is a stone staircase leading down here.
An orc priest comes into view. It is wielding a +0 flail.
The orc priest shouts!
You hear a shout!
An orc comes into view. It is wielding a +0 whip. x2
The orc priest moves out of view.
The orc shouts!
Enter note: An orc comes into view. It is wielding a +0 club.
Enter note:
Enter note: You slash the orc!
You burn the orc.
You kill the orc!
The orc hits you with a +0 whip.
You barely miss the orc. The orc hits you but does no damage.
The orc priest mumbles some strange prayers to Beogh against you.
Beogh smites you!
You slash the orc! You burn the orc.
You kill the orc!
You barely miss the orc. The orc hits you but does no damage.
You slash the orc! You burn the orc.
You kill the orc!
The orc priest mumbles some strange prayers to Beogh against you.
Pain shoots through your body!
The orc priest invokes the aid of Beogh against you.
Beogh smites you!
2432 ||| READING scroll of teleportation.
As you read the scroll of teleportation, it crumbles to dust.
You feel strangely unstable.
The orc priest mumbles some strange prayers to Beogh against you.
Beogh smites you!
Ouch! That really hurt!
You die...

#.# #.# #.#
#.# #.# #.#
#.# #.# #.#
#.## #.#
#######..#
#.#
.........#
#.#
.#######.#
#@# #.# #)#
#.# #o.
#######.#
##..
........###
...
.)..###....
..##
.........##
..#
#..........
..#
##.####..##
# #..##


You could see an orc priest.

Vanquished Creatures
  A scorpion (D:4)
  An iguana (D:3)
  2 adders
  2 dart slugs
  4 orcs (D:4)
  4 ball pythons
  4 endoplasms
  A giant cockroach (D:1)
  9 goblins
  A hobgoblin (D:1)
  12 jackals
  3 quokkas
  4 bats
  5 frilled lizards
  5 kobolds
  4 rats
62 creatures vanquished.

Notes
Turn   | Place    | Note
-------+----------+-------------------------------------------
     0 | D:1      | qw the Gargoyle Fighter began the quest for the Orb.
     0 | D:1      | Reached XP level 1. HP: 14/14 MP: 1/1
     0 | D:1      | 0 ||| qw: Version: 0.2-a-102-g2b76a06
     0 | D:1      | 0 ||| qw: Game counter: 422
     0 | D:1      | 0 ||| qw: Always use a shield: true
     0 | D:1      | 0 ||| qw: God list: Okawaru
     0 | D:1      | 0 ||| qw: Allow faded altars: false
     0 | D:1      | 0 ||| qw: Do Orc after D:15 true
     0 | D:1      | 0 ||| qw: Do second Lair branch before Depths: true
     0 | D:1      | 0 ||| qw: Lair rune preference: random
     0 | D:1      | 0 ||| qw: Plans: Normal, Zot:1-4, Slime:5, God:TSO, Crypt,
                  | Tomb, Pan, Hells, Abyss, Win
     0 | D:1      | 0 ||| PLANNING D:1-11
    60 | D:1      | Reached skill level 2 in Axes
    74 | D:1      | 74 ||| Stepping ~*~*~tactically~*~*~ (stealth).
    90 | D:1      | Reached XP level 2. HP: 14/19 MP: 2/2
   609 | D:1      | Reached skill level 3 in Axes
   678 | D:1      | Found a faded altar of an unknown god.
   795 | D:1      | 795 ||| UPGRADING to +0 pair of boots.
   800 | D:1      | 800 ||| UPGRADING to +0 plate armour.
   810 | D:1      | 810 ||| DROPPING +0 scale mail.
   811 | D:1      | 811 ||| READING 2 scrolls labelled PIZY UTWENORU.
   816 | D:1      | 816 ||| READING scroll labelled GUWEMP VOKOTT.
   817 | D:1      | 817 ||| READING 2 scrolls labelled YRPHEU SELUM.
   818 | D:1      | 818 ||| READING scroll labelled RORPHE OTAG.
  1015 | D:2      | Reached XP level 3. HP: 9/23 MP: 3/3
  1083 | D:2      | 1083 ||| Stepping ~*~*~tactically~*~*~ (stealth).
  1191 | D:2      | Found a glowing golden altar of the Shining One.
  1205 | D:2      | 1205 ||| Stepping ~*~*~tactically~*~*~ (hiding).
  1206 | D:2      | 1206 ||| Stepping ~*~*~tactically~*~*~ (hiding).
  1207 | D:2      | 1207 ||| Stepping ~*~*~tactically~*~*~ (hiding).
  1215 | D:2      | 1215 ||| Stepping ~*~*~tactically~*~*~ (stealth).
  1217 | D:2      | 1217 ||| Stepping ~*~*~tactically~*~*~ (stealth).
  1458 | D:2      | Reached XP level 4. HP: 21/28 MP: 4/4
  1472 | D:2      | 1472 ||| FLEEEEING.
  1473 | D:2      | 1473 ||| FLEEEEING.
  1561 | D:2      | 1561 ||| UPGRADING to scarf of repulsion.
  1566 | D:2      | 1566 ||| READING scroll labelled ODGHOH KODGHI.
  1567 | D:2      | 1567 ||| DRINKING 2 brown potions.
  1688 | D:3      | 1688 ||| Stepping ~*~*~tactically~*~*~ (stealth).
  1697 | D:3      | Reached skill level 4 in Axes
  1716 | D:3      | 1716 ||| DROPPING +0 club.
  1731 | D:3      | 1731 ||| Stepping ~*~*~tactically~*~*~ (stealth).
  1762 | D:3      | 1762 ||| READING scroll of brand weapon.
  1762 | D:3      | 1762 ||| BRANDING +0 war axe of chaos.
  2185 | D:3      | 2185 ||| UPGRADING to +0 pair of gloves.
  2190 | D:3      | 2190 ||| UPGRADING to +0 helmet.
  2195 | D:3      | 2195 ||| READING 3 scrolls labelled NUAQUP NYPOAFE.
  2196 | D:3      | 2196 ||| READING scroll labelled EFIAFI HEASK.
  2197 | D:3      | 2197 ||| READING scroll labelled IMUINU CAUPLIE.
  2198 | D:3      | 2198 ||| READING scroll labelled GEASTE HAROXU.
  2199 | D:3      | 2199 ||| READING 2 scrolls of identify.
  2199 | D:3      | 2199 ||| IDENTIFYING clear potion
  2200 | D:3      | 2200 ||| DROPPING 2 scrolls of vulnerability.
  2211 | D:4      | 2211 ||| STAIRDANCE
  2329 | D:4      | Noticed a scorpion
  2330 | D:4      | 2330 ||| Stepping ~*~*~tactically~*~*~ (stealth).
  2336 | D:4      | Killed a scorpion
  2337 | D:4      | Reached skill level 5 in Axes
  2337 | D:4      | Reached XP level 5. HP: 32/32 MP: 5/5
  2342 | D:4      | 2342 ||| READING scroll of brand weapon.
  2342 | D:4      | 2342 ||| BRANDING +0 war axe of freezing.
  2343 | D:4      | 2343 ||| DROPPING +0 whip.
  2345 | D:4      | Found a hide-covered altar of Uskayaw.
  2348 | D:4      | Found a sparkling altar of Nemelex Xobeh.
  2354 | D:4      | Found an ancient bone altar of Kikubaaqudgha.
  2357 | D:4      | Found a white marble altar of Elyvilon.
  2431 | D:4      | HP: 4/32 [orc priest/divine providence (13)]
  2432 | D:4      | 2432 ||| READING scroll of teleportation.
  2432 | D:4      | Killed from afar by an orc priest

Levels and vault maps discovered:
D:1:      psy_arrival_wood_between_worlds, layout_basic, basic_ecumenical_altar,
          kennysheep_nondescript
D:2:      layout_loops_ring, basic_altar, kennysheep_generic_room_6
D:3:      layout_loops_cross
D:4:      layout_loops_ring, grunt_temple_overflow_cloverleaf,
          minmay_temple_entry_drinking_statues, minmay_between

Skill      XL: |  1  2  3  4 |
---------------+-------------+-----
Axes           | 2 3 5 |  5.0
Fighting       | |  3.4
Armour         | |  3.2
Shields        | |  3.2

Action                     |  1- 3 |  4- 6 || total
---------------------------+-------+-------++-------
  Melee: War axe           |    95 |    46 ||   141
    Use: Scroll            |     4 |     9 ||    13
         Potion            |       |     1 ||     1
 Armour: Scale mail        |    29 |       ||    29
         Plate armour      |    59 |    18 ||    77
  Dodge: Dodged            |    46 |     7 ||    53
  Block: Buckler           |    14 |     2 ||    16

Table legend:
 A = Non-vault XP
 B = Vault XP
 C = Vault XP percentage of total XP
 D = Non-vault monster count
 E = Vault monster count
 F = Vault count percentage of total count
                 A         B        C        D         E       F
            +---------+---------+-------+---------+---------+-------
      Total |     246 |       6 |   2.4 |      59 |       3 |   4.8
            +---------+---------+-------+---------+---------+-------
        D:1 |      30 |       0 |   0.0 |      17 |       0 |   0.0
        D:2 |      50 |       6 |  10.7 |      22 |       3 |  12.0
        D:3 |      63 |       0 |   0.0 |      12 |       0 |   0.0
        D:4 |     103 |       0 |   0.0 |       8 |       0 |   0.0
            +---------+---------+-------+---------+---------+-------
